 Dungeon Crawl Stone Soup version 0.30-a0-778-g2ef04af (webtiles) character file.

Game seed: 17689653849820736982

9425 Illumine the Basher (level 11, 0/71 HPs)
             Began as a Gargoyle Fighter on Feb 14, 2023.
             Was a High Priest of Okawaru.
             Slain by a jumping spider (2 damage)
             ... on level 2 of the Lair of Beasts.
             The game lasted 00:19:30 (10543 turns).

Illumine the Basher (Gargoyle Fighter)             Turns: 10543, Time: 00:19:31

Health: 0/71       AC: 23    Str: 23    XL:     11   Next: 46%
Magic:  13/13      EV:  8    Int: 10    God:    Okawaru [*****.]
Gold:   875        SH:  0    Dex:  9    Spells: 10/10 levels left

rFire   . . .      SeeInvis .    d - +4 flail (heavy)
rCold   . . .      Faith    +    c - +0 buckler
rNeg    + . .      Spirit   .    Q - +0 plate armour
rPois   ∞          Reflect  .    (no helmet)
rElec   +          Harm     .    (no cloak)
rCorr   .          Rampage  .    B - +0 pair of gloves
Will    +....                    (no boots) Stlth
                                 K - amulet of faith
HPRegen 0.31/turn                F - ring of willpower
MPRegen 0.13/turn                A - +5 ring of evasion

@: held
A: sickness immunity, AC +8, negative energy resistance 1, electricity
resistance, torment resistance 1, petrification resistance
a: Renounce Religion, Heroism, Finesse, Duel


You were on level 2 of the Lair of Beasts.
You worshipped Okawaru.
Okawaru was extremely pleased with you.
You visited 3 branches of the dungeon, and saw 12 of its levels.
You also visited: Ossuary.

You collected 935 gold pieces.
You spent 60 gold pieces at shops.

Inventory:

Hand Weapons
 a - a +0 flail
 d - a +4 heavy flail (weapon)
 q - the +6 short sword "Hydraslayer" {freeze, rF+}
   (You found it on level 2 of the Dungeon)

   rF:        It protects you from fire.
Missiles
 o - 11 boomerangs (quivered)
 H - 7 poisoned darts
 J - 5 silver javelins
Armour
 c - a +0 buckler (worn)
 B - a +0 pair of gloves (worn)
 Q - a +0 plate armour (worn)
Jewellery
 v - a ring of magical power
 x - an amulet of the acrobat
 A - a +5 ring of evasion (right hand)
 F - a ring of willpower (left hand)
 K - an amulet of faith (around neck)
 P - an amulet of reflection
Wands
 b - a wand of light (3)
 f - a wand of flame (18)
 l - a wand of roots (6)
 N - a wand of polymorph (6)
Scrolls
 e - 2 scrolls of fog
 h - a scroll of noise {unknown}
 k - 3 scrolls of amnesia
 m - 4 scrolls of teleportation
 p - a scroll of enchant armour {unknown}
 t - 2 scrolls of immolation {unknown}
 u - 2 scrolls of magic mapping
 y - a scroll of identify
 E - a scroll of torment {unknown}
 G - 4 scrolls of silence
 I - a scroll of fear {unknown}
 L - a scroll of brand weapon {unknown}
Potions
 g - 6 potions of attraction
 i - 2 potions of berserk rage {unknown}
 j - a potion of mutation {unknown}
 n - 6 potions of flight
 r - 2 potions of brilliance
 s - 4 potions of curing
 w - a potion of cancellation {unknown}
 z - a potion of heal wounds
 C - 2 potions of might
 D - a potion of experience {unknown}
 M - a potion of lignification {unknown}
 O - 2 potions of magic


   Skills:
 + Level 9.4 Fighting
 * Level 11.6 Maces & Flails
 + Level 4.9 Throwing
 + Level 9.5 Armour
 - Level 4.0 Shields
 + Level 3.4 Invocations
 - Level 2.0 Evocations


You had 10 spell levels left.
You didn't know any spells.
Your spell library contained the following spells:

 Spells                   Type           Power      Damage    Failure   Level
 Apportation              Tloc           0%         N/A       99%         1
 Foxfire                  Conj/Fire      0%         2x1d4     99%         1
 Kiss of Death            Conj/Necr      0%         2d5       99%         1
 Necrotise                Necr           0%         1d4       99%         1
 Confusing Touch          Hex            0%         N/A       100%        3
 Dispel Undead            Necr           0%         3d6       100%        4
 Fireball                 Conj/Fire      0%         3d3       100%        5
 Iskenderun's Battlesphe  Conj           0%         2d6       100%        5
 Iron Shot                Conj/Erth      0%         9d1       100%        6
 Starburst                Conj/Fire      0%         6d3       100%        6
 Summon Small Mammal      Summ           Unusable   N/A       N/A         1
 Summon Forest            Summ/Tloc      Unusable   N/A       N/A         5
 Summon Mana Viper        Hex/Summ       Unusable   N/A       N/A         5
 Summon Cactus Giant      Summ           Unusable   N/A       N/A         6
 Spellforged Servitor     Conj/Summ      Unusable   N/A       N/A         7
 Summon Horrible Things   Summ           Unusable   N/A       N/A         8

Dungeon Overview and Level Annotations

Branches:
Dungeon (9/15)             Temple (1/1) D:4            Lair (2/5) D:9
 Spider (0/4) Lair:2          Orc (0/2) D:9         Ossuary (visited)
  Swamp: Lair:2-3    Shoals: Lair:2-3

Altars:
Dithmenos
Gozag
Hepliaklqana
Kikubaaqudgha
Makhleb
Okawaru
Uskayaw
Vehumet
Xom

Shops:
D:1 *!   D:4 (   D:6 (

Annotations:
D:5 1 runed translucent door, Crazy Yiuf


Innate Abilities, Weirdness & Mutations

You are immune to sickness and miasma.
Your stone body is resilient. (AC +8)
You are immune to poison.
You resist negative energy. (rN+)
You are resistant to electric shocks. (rElec)
You are resistant to unholy torment.
You are immune to petrification.


Message History

You closely miss the jumping spider.
You feel like a meek peon again.
The jumping spider pounces on you but does no damage.
The jumping spider bites you but does no damage.
You bludgeon the jumping spider!!
The jumping spider is severely wounded.
The jumping spider pounces on you!
* * * LOW HITPOINT WARNING * * *
The jumping spider closely misses you.
The jumping spider leaps!
You closely miss the jumping spider.
The jumping spider leaps!
You closely miss the jumping spider.
The jumping spider is severely wounded.
The jumping spider leaps!
The jumping spider leaps!
The jumping spider leaps! x2
You sock the jumping spider!
You kill the jumping spider!
Okawaru accepts your kill.
The jumping spider leaps! x2
The jumping spider leaps!
There is a stone staircase leading up here.
You barely miss the jumping spider. The jumping spider closely misses you.
The jumping spider bites you but does no damage.
The jumping spider completely misses you. x2
You hit the jumping spider.
The jumping spider is lightly wounded.
The jumping spider pounces on you!
* * * LOW HITPOINT WARNING * * *
The jumping spider bites you but does no damage.
The jumping spider pounces on you but does no damage.
The jumping spider completely misses you.
You sock the jumping spider!
The jumping spider is moderately wounded.
The jumping spider pounces on you!
* * * LOW HITPOINT WARNING * * *
You are caught in a web!
The jumping spider bites you.
* * * LOW HITPOINT WARNING * * *
The jumping spider pounces on you but does no damage.
The jumping spider bites you.
You die...

#### #.. #.#^###.#
## #.#.##.####
#.##.# ##.#.#.#°.#
..≈...###.#.....##
..≈.>°^#s#^†...+.#
#.#^#......#
######^#s..##
#.##@...# #.#
#...## ## #...+
....# +##.# ##


You could see a jumping spider.

Vanquished Creatures
  A two-headed ogre (D:7)
  A cane toad (Lair:1)
  2 komodo dragons (Lair:1)
  4 blink frogs (Lair:1)
  A hornet (D:8)
  A jumping spider (Lair:2)
  3 culicivoras (Lair:2)
  2 wyverns
  8 yaks (D:9)
  A steam dragon (D:8)
  Edmund (D:4)
  7 water moccasins
  6 orc warriors
  3 ice beasts
  A sky beast (D:7)
  2 ogres
  2 centaurs (D:9)
  An elf zombie (Ossuary)
  2 phantoms
  A kobold brigand (D:9)
  Blork the orc (D:4)
  11 bullfrogs
  A necrophage (D:6)
  A scorpion (D:5)
  3 wights (D:8)
  7 killer bees
  2 electric eels (D:9)
  2 howler monkeys
  3 hounds
  7 orc priests
  A gnoll bouda (D:9)
  3 iguanas
  7 orc wizards
  2 mummies (Ossuary)
  10 adders
  8 gnolls
  3 white imps
  3 ufetubi
  3 worms
  2 dart slugs (D:1)
  37 orcs
  9 ball pythons
  9 bats
  10 endoplasms
  2 giant cockroaches
  3 gnoll zombies (Ossuary)
  5 goblins
  7 hobgoblins
  2 jackals (D:3)
  13 quokkas
  2 frilled lizards (D:2)
  7 goblin zombies
  A hobgoblin zombie (Ossuary)
  16 kobolds
  3 orc zombies (Ossuary)
  5 rats
  A rat zombie (D:4)
262 creatures vanquished.

Vanquished Creatures (others)
  4 fungi (D:9)
  5 plants (D:9)
9 creatures vanquished.

Grand Total: 271 creatures vanquished

Notes
Turn   | Place    | Note
-------+----------+-------------------------------------------
     0 | D:1      | Illumine the Gargoyle Fighter began the quest for the Orb.
     0 | D:1      | Reached XP level 1. HP: 14/14 MP: 1/1
    67 | D:1      | Found Vinif's Distillery.
   114 | D:1      | Bought a potion of heal wounds for 50 gold pieces
   114 | D:1      | Bought a potion of degeneration for 10 gold pieces
   251 | D:1      | Reached XP level 2. HP: 18/19 MP: 2/2
   315 | D:1      | Found Husicvur's Assorted Antiques.
   666 | D:1      | Reached XP level 3. HP: 23/23 MP: 3/3
  1023 | D:2      | Got the Codex of Production
  1118 | D:2      | Reached skill level 3 in Maces & Flails
  1124 | D:2      | Identified the +6 short sword "Hydraslayer" {freeze, rF+}
  1148 | D:2      | Reached XP level 4. HP: 29/29 MP: 4/4
  1561 | D:3      | Reached XP level 5. HP: 27/33 MP: 5/5
  1769 | D:3      | Found a shimmering altar of Xom.
  2205 | D:4      | Found a sand-covered staircase.
  2213 | Ossuary  | Entered an ossuary
  2247 | Ossuary  | Reached skill level 4 in Maces & Flails
  2247 | Ossuary  | Reached XP level 6. HP: 21/39 MP: 6/6
  2662 | D:4      | Noticed Edmund
  2673 | D:4      | Killed Edmund
  2681 | D:4      | Reached skill level 5 in Maces & Flails
  2803 | D:4      | Reached XP level 7. HP: 44/44 MP: 7/7
  2950 | D:4      | Noticed Blork the orc
  3040 | D:5      | Entered Level 5 of the Dungeon
  3057 | D:5      | Reached skill level 5 in Fighting
  3057 | D:5      | Reached skill level 5 in Armour
  3430 | D:5      | Reached skill level 6 in Maces & Flails
  3511 | D:5      | Reached XP level 8. HP: 50/50 MP: 8/8
  3705 | D:5      | Found a runed translucent door.
  3706 | D:5      | Noticed Crazy Yiuf
  3890 | D:6      | Found a hazy altar of Hepliaklqana.
  3935 | D:6      | Found Emos's Antique Weapon Shoppe.
  4156 | D:6      | Reached skill level 7 in Maces & Flails
  4258 | D:6      | Reached skill level 1 in Evocations
  5012 | D:7      | Noticed a two-headed ogre
  5028 | D:7      | Killed a two-headed ogre
  5029 | D:7      | Reached skill level 8 in Maces & Flails
  5029 | D:7      | Reached XP level 9. HP: 6/56 MP: 9/9
  5739 | D:7      | Reached skill level 1 in Throwing
  6377 | D:4      | Killed Blork the orc
  6537 | D:4      | Found a staircase to the Ecumenical Temple.
  6546 | Temple   | Entered the Ecumenical Temple
  6567 | Temple   | Became a worshipper of Warmaster Okawaru
  6664 | D:4      | Found Vybbu's Weapon Shoppe.
  6696 | D:4      | Reached skill level 9 in Maces & Flails
  7241 | D:8      | Reached skill level 1 in Invocations
  7470 | D:8      | Noticed a hornet
  7474 | D:8      | Killed a hornet
  7474 | D:8      | Reached * piety under Okawaru
  7475 | D:8      | Reached XP level 10. HP: 39/64 MP: 11/11
  7661 | D:8      | Found a shadowy altar of Dithmenos.
  8422 | D:9      | Reached skill level 10 in Maces & Flails
  8423 | D:9      | Reached ** piety under Okawaru
  8703 | D:9      | Reached *** piety under Okawaru
  9069 | D:9      | Found a staircase to the Orcish Mines.
  9288 | D:9      | Reached XP level 11. HP: 58/69 MP: 12/12
  9476 | D:9      | Found a staircase to the Lair.
  9483 | Lair:1   | Entered Level 1 of the Lair of Beasts
  9500 | Lair:1   | Reached **** piety under Okawaru
  9501 | Lair:1   | Reached skill level 11 in Maces & Flails
  9826 | Lair:1   | Reached ***** piety under Okawaru
 10506 | Lair:2   | Found a hole to the Spider Nest.
 10543 | Lair:2   | HP: 3/71 [jumping spider (7)]
 10543 | Lair:2   | Slain by a jumping spider

Illustrated notes

Levels and vault maps discovered:
D:1:      amcnicky_arrival_underground_garden, layout_basic, serial_shops, shop,
          nicolae_shop_statue_plus
D:2:      layout_rooms
D:3:      minmay_bubble_buster, layout_basic, tgw_xom
D:4:      layout_basic, temple_hall, enter_ossuary_4, portal_sewer_entry_f,
          serial_shops, kennysheep_little_box, uniq_blork_the_orc, uniq_edmund
D:5:      layout_basic, uniq_crazy_yiuf_cottage
D:6:      layout_basic, nicolae_overflow_hidden_temple, serial_shops, shop,
          kennysheep_generic_room_4
D:7:      layout_loops_corners, serial_rivers, chequers_serial_rivers_small_3,
          chequers_serial_rivers_large_b, chequers_serial_rivers_micro_e,
          chequers_serial_rivers_large_a, chequers_serial_rivers_marsh
D:8:      layout_basic, grunt_dithmenos_smoke, kennysheep_generic_room_9
D:9:      layout_loops_ring, grunt_lair_entry_orc_guard_hut, erik_orc_2
Temple:   nicolae_temple_hex_pool
Lair:1:   layout_big_grid, infiniplex_staircase_pool_2
Lair:2:   layout_roguey, nicolae_spider_entry_tight_spaces

Skill      XL: |  1  2  3  4  5  6  7  8  9 10 11 |
---------------+----------------------------------+-----
Maces & Flails | 3 4 5 6 8 9 10 11 | 11.6
Fighting       | 4 5 6 7 8 9 |  9.4
Armour         | 4 5 7 8 9 |  9.5
Shields        | 4 |  4.0
Evocations     | 2 |  2.0
Throwing       | 2 4 |  4.9
Invocations    | 1 2 3 |  3.4

Action                     |  1- 3 |  4- 6 |  7- 9 | 10-12 || total
---------------------------+-------+-------+-------+-------++-------
  Melee: Flail             |   102 |    22 |   221 |   287 ||   632
         Short sword       |       |   186 |       |       ||   186
  Throw: Throwing net      |       |     1 |     1 |       ||     2
         Boomerang         |       |     1 |     1 |    27 ||    29
 Invoke: Heroism           |       |       |       |     2 ||     2
  Evoke: Wand              |       |       |       |     5 ||     5
    Use: Potion            |       |     2 |       |     2 ||     4
         Scroll            |       |       |     5 |     5 ||    10
   Stab: Held in net/web   |       |     1 |       |       ||     1
         Invisible         |       |       |       |     1 ||     1
 Armour: Scale mail        |    52 |   111 |       |       ||   163
         Chain mail        |       |     8 |   155 |    73 ||   236
         Plate armour      |       |       |       |   113 ||   113
  Dodge: Dodged            |    61 |    79 |   157 |   197 ||   494
  Block: Buckler           |    15 |    39 |    78 |    70 ||   202

Table legend: (Time is in decaauts)
 A = Elapsed time spent in this place.
 B = Non-inter-level travel time spent in this place.
 C = Inter-level travel time spent in this place.
 D = Time resting spent in this place.
 E = Time spent auto-exploring this place.
 F = Levels seen in this place.
 G = Mean time per level.
                   A        B        C        D        E       F      G
               +--------+--------+--------+--------+--------+-----+--------+
         Total |  10850 |  10459 |    391 |   1730 |   6065 |  13 |  834.6 |
       Dungeon |   9544 |   9194 |    350 |   1307 |   5607 |   9 | 1060.4 |
        Temple |     42 |     22 |     20 |      0 |     10 |   1 |   42.0 |
          Lair |    894 |    873 |     21 |    274 |    404 |   2 |  447.0 |
       Ossuary |    369 |    369 |      0 |    149 |     44 |   1 |  369.0 |
               +--------+--------+--------+--------+--------+-----+--------+

Top non-repeatable levels by time:
     D:9: 1437 daAuts
     D:7: 1401 daAuts
     D:6: 1255 daAuts
     D:4: 1164 daAuts
     D:8: 1122 daAuts
     D:5: 964 daAuts
     D:1: 944 daAuts
  Lair:1: 843 daAuts
     D:3: 769 daAuts
     D:2: 485 daAuts
 Ossuary: 369 daAuts
  Lair:2: 51 daAuts
  Temple: 42 daAuts
